[ AOE2 MATCH · #506349022 ]
UnrankedIncas vs Tupi
Player's team · LOSS
Rival team · WIN
[ REPLAY ANALYSIS · EXTRACTED FROM THE RECORDED GAME ]
Feudal
9:06
Castle
—
Imperial
—
| APM avg | 57.8 |
| APM peak | 97 |
| eAPM avg | 24.6 |
| Villagers / military | 36 / 0 |
Focus
⚔️ 49.3% · 🌾 50.7%
Unknown (2550) ×8
Feudal
11:03
Castle
17:15
Imperial
—
| APM avg | 62.8 |
| APM peak | 97 |
| eAPM avg | 28.9 |
| Villagers / military | 40 / 0 |
Focus
⚔️ 34.0% · 🌾 66.0%
Unknown (2550) ×37
Match map
Initial resources + every placement click. Lines = walls · curves = elevation contours. ◆ gold · ⬟ stone · ● berries · ✦ relic · ◌ wall gap
Your base· Open — unwalled flank
Hoanginator's base· Open — unwalled flank
Smoothed initial terrain · ◌ = detected wall gap · hover for details
Inputs per minute
— Dennis哥 - - Hoanginator
Build order — Dennis哥
110 actions detected in the replay
| 0:00 | Create | Villager (Male) ×4 |
| 0:02 | Build | House |
| 1:12 | Create | Villager (Male) |
| 1:51 | Create | Villager (Male) |
| 2:12 | Create | Villager (Male) |
| 2:12 | Create | Villager (Male) |
| 2:22 | Build | Settlement |
| 2:45 | Create | Villager (Male) |
| 2:45 | Create | Villager (Male) |
| 3:05 | Create | Villager (Male) |
| 3:21 | Create | Villager (Male) |
| 3:48 | Create | Villager (Male) |
| 4:11 | Create | Villager (Male) |
| 4:11 | Create | Villager (Male) |
| 5:20 | Build | Barracks |
| 5:45 | Create | Villager (Male) |
| 6:16 | Create | Villager (Male) |
| 6:56 | Research | Feudal Age |
| 7:14 | Build | Settlement |
| 7:34 | Build | Farm |
| 7:39 | Create | Unit 2550 |
| 7:54 | Create | Unit 2550 |
| 8:09 | Build | Settlement |
| 8:44 | Research | Loom |
| 9:06 | Age | Feudal Age |
| 9:32 | Create | Villager (Male) |
| 9:37 | Research | Tech 1402 |
| 9:37 | Research | Tech 1402 |
| 9:42 | Build | Watch Tower |
| 9:58 | Create | Villager (Male) |
| 10:17 | Build | Settlement |
| 10:32 | Create | Villager (Male) |
| 10:39 | Build | Watch Tower |
| 10:42 | Create | Unit 2550 |
| 10:50 | Create | Villager (Male) |
| 11:30 | Build | Watch Tower |
| 11:37 | Build | Palisade Wall |
| 11:38 | Build | Palisade Wall |
| 11:40 | Build | Palisade Wall |
| 11:41 | Build | Palisade Wall |
| 11:44 | Create | Unit 2550 |
| 11:46 | Create | Villager (Male) |
| 11:52 | Build | Palisade Wall |
| 11:58 | Build | Farm |
| 12:12 | Create | Villager (Male) |
| 12:15 | Build | Farm |
| 12:32 | Build | Palisade Wall |
| 12:33 | Build | Palisade Wall |
| 12:33 | Build | Palisade Wall |
| 12:38 | Create | Villager (Male) |
| 12:43 | Create | Unit 2550 |
| 13:03 | Build | Farm |
| 13:05 | Build | Farm |
| 13:07 | Create | Villager (Male) |
| 13:20 | Build | Watch Tower |
| 13:22 | Create | Villager (Male) |
| 13:35 | Build | Palisade Wall |
| 13:36 | Build | Palisade Wall |
| 13:37 | Build | Palisade Wall |
| 13:51 | Create | Villager (Male) |
| 14:03 | Create | Unit 2550 |
| 14:13 | Create | Villager (Male) |
| 14:25 | Build | Farm |
| 14:37 | Create | Villager (Male) |
| 14:56 | Create | Unit 2550 |
| 15:00 | Build | Archery Range |
| 15:05 | Create | Villager (Male) |
| 15:25 | Create | Villager (Male) |
| 15:29 | Build | Palisade Wall |
| 15:31 | Build | Palisade Wall |
| 15:32 | Build | Palisade Wall |
| 15:36 | Create | Unit 2550 |
| 15:56 | Create | Villager (Male) |
| 15:59 | Build | Market |
| 16:14 | Create | Villager (Male) |
| 16:24 | Build | Farm |
| 16:25 | Build | Farm |
| 16:33 | Create | Villager (Male) |
| 17:03 | Build | Farm |
| 17:05 | Build | Farm |
| 17:16 | Create | Villager (Male) |
| 17:19 | Build | Palisade Wall |
| 17:22 | Build | Palisade Wall |
| 17:23 | Build | Palisade Wall |
| 17:23 | Build | Palisade Wall |
| 17:24 | Build | Palisade Wall |
| 17:24 | Build | Palisade Wall |
| 17:27 | Create | Villager (Male) |
| 17:30 | Build | Palisade Wall |
| 17:37 | Build | Palisade Wall |
| 17:37 | Build | Palisade Wall |
| 17:41 | Build | Palisade Wall |
| 17:47 | Build | Palisade Wall |
| 18:32 | Build | Palisade Wall |
| 18:33 | Build | Palisade Wall |
| 18:40 | Build | Palisade Wall |
| 18:46 | Build | Stone Wall |
| 18:50 | Build | Stone Wall |
| 18:51 | Build | Stone Wall |
| 18:59 | Build | Stone Wall |
| 19:03 | Build | Stone Wall |
| 19:04 | Build | Stone Wall |
| 19:06 | Build | Stone Wall |
| 19:07 | Build | Stone Wall |
| 19:10 | Build | Stone Wall |
| 19:12 | Research | Castle Age |
| 19:18 | Build | Stone Wall |
| 19:20 | Build | Stone Wall |
| 19:35 | Build | Stone Wall |
| 19:44 | Build | Stone Wall |
Build order — Hoanginator
113 actions detected in the replay
| 0:00 | Create | Villager (Male) |
| 0:01 | Build | House |
| 0:02 | Build | House |
| 0:07 | Create | Villager (Male) |
| 0:07 | Create | Villager (Male) |
| 0:07 | Create | Villager (Male) |
| 0:07 | Create | Villager (Male) |
| 0:58 | Create | Villager (Male) |
| 0:58 | Create | Villager (Male) |
| 1:24 | Build | Settlement |
| 1:29 | Create | Villager (Male) |
| 1:29 | Create | Villager (Male) |
| 2:03 | Create | Villager (Male) |
| 2:03 | Create | Villager (Male) |
| 2:30 | Create | Villager (Male) |
| 2:30 | Create | Villager (Male) |
| 2:55 | Create | Villager (Male) |
| 2:55 | Create | Villager (Male) |
| 3:22 | Create | Villager (Male) |
| 3:23 | Create | Villager (Male) |
| 4:06 | Create | Villager (Male) |
| 4:08 | Create | Villager (Male) |
| 4:08 | Create | Villager (Male) |
| 4:18 | Create | Villager (Male) |
| 4:18 | Create | Villager (Male) |
| 4:24 | Create | Villager (Male) |
| 4:24 | Create | Villager (Male) |
| 4:42 | Create | Villager (Male) |
| 4:42 | Create | Villager (Male) |
| 4:59 | Create | Villager (Male) |
| 4:59 | Create | Villager (Male) |
| 4:59 | Create | Villager (Male) |
| 5:33 | Build | House |
| 5:48 | Create | Villager (Male) |
| 6:02 | Create | Villager (Male) |
| 6:19 | Build | Barracks |
| 6:37 | Create | Villager (Male) |
| 7:14 | Create | Unit 2550 |
| 7:14 | Create | Unit 2550 |
| 7:41 | Build | Settlement |
| 7:58 | Build | House |
| 8:10 | Research | Loom |
| 8:15 | Create | Unit 2550 |
| 8:26 | Build | Settlement |
| 8:41 | Research | Feudal Age |
| 8:42 | Research | Feudal Age |
| 8:53 | Create | Unit 2550 |
| 9:06 | Create | Unit 2550 |
| 9:06 | Create | Unit 2550 |
| 9:09 | Build | Palisade Wall |
| 9:17 | Create | Unit 2550 |
| 9:33 | Create | Unit 2550 |
| 9:38 | Build | House |
| 9:43 | Create | Villager (Male) |
| 10:25 | Build | Settlement |
| 10:44 | Create | Villager (Male) |
| 10:53 | Build | Palisade Wall |
| 11:03 | Age | Feudal Age |
| 11:07 | Research | Tech 1402 |
| 11:12 | Build | Palisade Wall |
| 11:15 | Create | Villager (Male) |
| 11:20 | Create | Villager (Male) |
| 11:55 | Create | Unit 2550 |
| 11:56 | Create | Unit 2550 |
| 12:02 | Create | Unit 2550 |
| 12:29 | Create | Villager (Male) |
| 12:33 | Build | Market |
| 12:58 | Create | Villager (Male) |
| 13:14 | Create | Unit 2550 |
| 13:20 | Build | Blacksmith |
| 13:23 | Build | Palisade Wall |
| 13:51 | Create | Unit 2550 |
| 13:52 | Create | Unit 2550 |
| 13:59 | Create | Unit 2550 |
| 13:59 | Create | Unit 2550 |
| 14:00 | Create | Unit 2550 |
| 14:35 | Research | Castle Age |
| 14:35 | Research | Castle Age |
| 14:43 | Build | Farm |
| 15:07 | Create | Unit 2550 |
| 15:07 | Create | Unit 2550 |
| 15:34 | Research | Scale Mail Armor |
| 15:35 | Create | Unit 2550 |
| 15:40 | Build | Barracks |
| 16:21 | Create | Unit 2550 ×2 |
| 16:32 | Research | Arson |
| 17:05 | Build | Farm |
| 17:06 | Build | Farm |
| 17:09 | Build | Farm |
| 17:10 | Build | Farm |
| 17:15 | Age | Castle Age |
| 17:18 | Build | Farm |
| 17:20 | Research | Tech 1351 |
| 17:21 | Research | Tech 1351 |
| 17:21 | Research | Squires |
| 17:21 | Research | Squires |
| 17:36 | Create | Unit 2550 ×2 |
| 17:36 | Create | Unit 2550 ×2 |
| 17:36 | Create | Unit 2550 ×2 |
| 17:48 | Create | Unit 2550 |
| 17:48 | Create | Unit 2550 |
| 18:10 | Create | Unit 2550 |
| 18:17 | Build | Farm |
| 18:28 | Create | Unit 2550 |
| 18:28 | Create | Unit 2550 |
| 19:00 | Create | Unit 2550 |
| 19:00 | Create | Unit 2550 |
| 19:07 | Create | Unit 2550 |
| 19:08 | Create | Unit 2550 |
| 19:14 | Build | Farm |
| 19:34 | Create | Villager (Male) |
| 19:34 | Create | Villager (Male) |
| 19:42 | Build | Siege Workshop |
Match timeline
| 5:20 | Dennis哥 · first_building Barracks |
| 6:19 | Hoanginator · first_building Barracks |
| 9:06 | Dennis哥 · age_up feudal |
| 9:09 | Hoanginator · wall_segment Palisade Wall x2 |
| 10:53 | Hoanginator · wall_segment Palisade Wall x4 |
| 11:03 | Hoanginator · age_up feudal |
| 11:12 | Hoanginator · wall_segment Palisade Wall x4 |
| 11:37 | Dennis哥 · wall_segment Palisade Wall x1 |
| 11:38 | Dennis哥 · wall_segment Palisade Wall x1 |
| 11:40 | Dennis哥 · wall_segment Palisade Wall x1 |
| 11:41 | Dennis哥 · wall_segment Palisade Wall x1 |
| 11:52 | Dennis哥 · wall_segment Palisade Wall x2 |
| 12:32 | Dennis哥 · wall_segment Palisade Wall x1 |
| 12:33 | Dennis哥 · wall_segment Palisade Wall x1 |
| 12:33 | Dennis哥 · wall_segment Palisade Wall x1 |
| 13:23 | Hoanginator · wall_segment Palisade Wall x1 |
| 13:35 | Dennis哥 · wall_segment Palisade Wall x1 |
| 13:36 | Dennis哥 · wall_segment Palisade Wall x1 |
| 13:37 | Dennis哥 · wall_segment Palisade Wall x1 |
| 14:20 | Hoanginator · first_market_buy 500 food |
| 14:20 | Hoanginator · first_market_sell 500 stone |
| 15:00 | Dennis哥 · first_building Archery Range |
| 15:29 | Dennis哥 · wall_segment Palisade Wall x1 |
| 15:31 | Dennis哥 · wall_segment Palisade Wall x1 |
| 15:32 | Dennis哥 · wall_segment Palisade Wall x1 |
| 17:13 | Dennis哥 · first_market_sell 100 stone |
| 17:14 | Dennis哥 · first_market_buy 100 food |
| 17:15 | Hoanginator · age_up castle |
| 17:19 | Dennis哥 · wall_segment Palisade Wall x1 |
| 17:22 | Dennis哥 · wall_segment Palisade Wall x1 |
| 17:23 | Dennis哥 · wall_segment Palisade Wall x1 |
| 17:23 | Dennis哥 · wall_segment Palisade Wall x1 |
| 17:24 | Dennis哥 · wall_segment Palisade Wall x1 |
| 17:24 | Dennis哥 · wall_segment Palisade Wall x1 |
| 17:30 | Dennis哥 · wall_segment Palisade Wall x1 |
| 17:37 | Dennis哥 · wall_segment Palisade Wall x1 |
| 17:37 | Dennis哥 · wall_segment Palisade Wall x1 |
| 17:41 | Dennis哥 · wall_segment Palisade Wall x1 |
| 17:47 | Dennis哥 · wall_segment Palisade Wall x1 |
| 18:32 | Dennis哥 · wall_segment Palisade Wall x1 |
| 18:33 | Dennis哥 · wall_segment Palisade Wall x1 |
| 18:40 | Dennis哥 · wall_segment Palisade Wall x1 |
| 18:46 | Dennis哥 · wall_segment Stone Wall x1 |
| 18:50 | Dennis哥 · wall_segment Stone Wall x1 |
| 18:51 | Dennis哥 · wall_segment Stone Wall x1 |
| 18:59 | Dennis哥 · wall_segment Stone Wall x1 |
| 19:03 | Dennis哥 · wall_segment Stone Wall x1 |
| 19:04 | Dennis哥 · wall_segment Stone Wall x1 |
| 19:06 | Dennis哥 · wall_segment Stone Wall x1 |
| 19:07 | Dennis哥 · wall_segment Stone Wall x1 |
| 19:10 | Dennis哥 · wall_segment Stone Wall x1 |
| 19:18 | Dennis哥 · wall_segment Stone Wall x1 |
| 19:20 | Dennis哥 · wall_segment Stone Wall x1 |
| 19:35 | Dennis哥 · wall_segment Stone Wall x1 |
| 19:42 | Hoanginator · first_building Siege Workshop |
| 19:44 | Dennis哥 · wall_segment Stone Wall x1 |
| 19:51 | Dennis哥 · resign |
[ AI ANALYSIS · 1 CREDIT ]
What really happened in this match?
Wolo.gg analyzes every decision: build order, eco, micro, common mistakes by bracket. Personalized analysis on WhatsApp or Discord in 30 seconds.
Civ guide
Incas
Perfil
Dennis